 Dungeon Crawl Stone Soup version 0.17.1-1-g73c8601 (webtiles) character file.

36 Arkorax the Insei (level 3, -3/23 HPs)
             Began as an Octopode Transmuter on Dec 21, 2015.
             Slain by a hobgoblin (6 damage)
             ... led by Robin
             ... on level 2 of the Dungeon.
             The game lasted 00:02:15 (1351 turns).

Arkorax the Insei (Octopode Transmuter)             Turns: 1351, Time: 00:02:15

Health: -3/23      AC:  1    Str:  9    XL:     3   Next: 37%
Magic:  6/6        EV:  7    Int: 15    God:
Gold:   60         SH:  0    Dex: 13    Spells: 2 memorised, 2 levels left

rFire  . . .     SeeInvis .       - Unarmed
rCold  . . .     Clarity  .     (no shield)
rNeg   . . .     SustAt   .     (helmet restricted)
rPois  .         Gourm    .     (no amulet)
rElec  .         Spirit   .     l - ring of protection from magic
rCorr  .         Warding  .     (no ring)
rMut   .         Stasis   .     (no ring)
MR     +....                    (no ring)
Stlth  ++........               (no ring)
                                (no ring)
                                (no ring)
                                (no ring)

@: very slightly contaminated, somewhat resistant to hostile enchantments,
unstealthy
A: almost no armour, amphibious, 8 rings, constrict 8, camouflage 1, gelatinous
body 1
a: no special abilities


You were on level 2 of the Dungeon.
You were not hungry.

You visited 1 branch of the dungeon, and saw 2 of its levels.

You collected 60 gold pieces.

Inventory:

Missiles
 a - 12 arrows
Jewellery
 l - a ring of protection from magic (left tentacle)
Scrolls
 g - 2 scrolls of enchant weapon {unknown}
 h - a scroll of noise {unknown}
 i - a scroll of remove curse {unknown}
 j - 2 scrolls of magic mapping {unknown}
 k - 3 scrolls of identify {unknown}
Potions
 d - a potion of degeneration {unknown}
 e - a potion of invisibility {unknown}
Books
 b - a book of Changes

   Spells                             Type                      Level
   a - Beastly Appendage              Transmutation                1
   b - Sticks to Snakes               Transmutation                2
   c - Spider Form                    Transmutation/Poison         3
   d - Ice Form                       Ice/Transmutation            4
   e - Blade Hands                    Transmutation                5
Comestibles
 c - a bread ration
 f - 8 fruits
 m - a chunk of flesh


   Skills:
 - Level 1.0 Fighting
 - Level 2.0 Dodging
 - Level 3.5 Unarmed Combat
 - Level 2.0 Spellcasting
 + Level 3.0 Transmutations
 + Level 0.5 Poison Magic


You had 2 spell levels left.
You knew the following spells:

 Your Spells              Type           Power        Failure   Level  Hunger
a - Beastly Appendage     Trmt           ##....       8%          1    #......
b - Spider Form           Trmt/Pois      #.........   34%         3    ###....


Dungeon Overview and Level Annotations

Branches:
Dungeon (2/15)

Altars:

Annotations:
D:2 Robin


Innate Abilities, Weirdness & Mutations

You cannot wear most types of armour.
You are amphibious.
You can wear up to eight rings at the same time.
You can use your tentacles to constrict eight enemies at once.
Your skin changes colour to match your surroundings (Stealth).
Your rubbery body absorbs attacks (AC +1).


Message History

The goblin is severely wounded.
Robin's bangles clink loudly.
Robin hits you from afar with a spear. The goblin closely misses you.
The hobgoblin hits you.
You closely miss the goblin. Your grab misses the goblin.
You squeeze the goblin.
You kill the goblin!
Robin hits you from afar with a spear.
* * * LOW HITPOINT WARNING * * *
The hobgoblin hits you.
* * * LOW HITPOINT WARNING * * *
A goblin and a kobold come into view.
Things that are here:
an enchanted dagger; a goblin corpse; a goblin corpse Robin roars a battlecry!
Items here: )) †† a dagger; a club; a goblin corpse; a goblin corpse
There is a stone staircase leading up here.
The hobgoblin hits you.
You die...

#.#.# #)#g#
..#####.#.#
........#K#####
..............#
..........###.#
..######..# .#
. #.g###.##.#
#†..g@....#
##.###.#### #.#
.# #.# .. #.#
##. #.# .# ...
# #.(


You could see Robin and a hobgoblin (frenzied).

Vanquished Creatures
  A giant gecko (D:1)
  3 bats (D:1)
  5 hobgoblins (D:1)
  2 kobolds (D:1)
  5 giant newts
  15 goblins
  A rat (D:1)
32 creatures vanquished.

Notes
Turn   | Place    | Note
--------------------------------------------------------------
     0 | D:1      | Arkorax the Octopode Transmuter began the quest for the Orb.
     0 | D:1      | Reached XP level 1. HP: 13/13 MP: 3/3
   315 | D:1      | Reached XP level 2. HP: 16/18 MP: 5/5
  1069 | D:1      | Reached XP level 3. HP: 16/23 MP: 6/6
  1258 | D:1      | Learned a level 3 spell: Spider Form
  1315 | D:2      | Noticed Robin
  1351 | D:2      | Slain by a hobgoblin

Action                   || total
-------------------------++-------
Melee: Unarmed           ||    63
 Cast: Beastly Appendage ||     4
 Stab: Sleeping          ||     6
       Distracted        ||     2
  Eat: Chunk             ||     1
